 Dungeon Crawl Stone Soup version bcrawl-1.41.1 (webtiles) character file.

Game seed: 5087987144154462719

100246 Artagas the Cudgeler (level 2, -2/26 HPs)
             Began as a Demigod Monk on Apr 14, 2024.
             Succumbed to a scorpion's poison
             ... on level 2 of the Dungeon.
             The game lasted 00:01:47 (771 turns).

Artagas the Cudgeler (Demigod Monk)                  Turns: 771, Time: 00:01:48

Health: -2/26      AC: 10    Str: 15    XL:     2   Next: 55%
Magic:  1/6        EV:  5    Int: 18    God:    Demigod [**....]
Gold:   76         SH:  0    Dex: 19    Spells: 1/1 levels left

rFire    x . .     GDR:     30% a - +0 mace
rCold    + . .     SeeInvis +   (no shield)
rNeg     . . .     Gourm    .   g - +0 plate armour
rPois    .         Faith    .   c - +0 hat
rElec    .         Spirit   +   (no cloak)
rCorr    .         Reflect  .   (no gloves)
MR       .....     Rnd*Rage +   (no boots)
Stlth    ..........             d - amulet of guardian spirit
HPRegen  0.14/turn              h - ring of Jariusch {Ice *Drain Int+4 SInv} (curse)
MPRegen  0.10/turn              (no ring)

@: lethally poisoned (-2 -> -37)
A: berserk 1, high mp 1, sense surroundings 1
a: Temporal Distortion, Growth


You were on level 2 of the Dungeon.
You worshipped Demigod.
Demigod was pleased with you.
You were hungry.

You visited 1 branch of the dungeon, and saw 2 of its levels.

You collected 76 gold pieces.

Inventory:

Hand Weapons
 a - a +0 mace (weapon)
Armour
 b - a +0 robe
 c - a +0 hat (worn)
 g - a +0 plate armour (worn)
   (You found it on level 1 of the Dungeon)
Jewellery
 d - an amulet of guardian spirit (around neck)
 h - the cursed ring of Jariusch (left hand) {Ice *Drain Int+4 SInv}
   (You found it on level 1 of the Dungeon)

   [ring of ice]

   It enhances your ice magic.
   It affects your intelligence (+4).
   It makes you vulnerable to fire.
   It protects you from cold.
   It lets you see invisible.
   It causes draining when unequipped.
   It has a curse placed upon it.
Scrolls
 f - a scroll of teleportation {unknown}
 w - 3 scrolls of remove curse
Potions
 i - 2 potions of mutation
Comestibles
 e - 2 rations {!d}
 j - a chunk of flesh


   Skills:
 + Level 3.1 Fighting
 + Level 3.1 Maces & Flails
 - Level 2.6 Dodging
 - Level 2.0 Stealth
 - Level 2.6 Invocations


You had one spell level left.
You didn't know any spells.
Your spell library was empty.

Dungeon Overview and Level Annotations

Branches:
Dungeon (2/12)


Innate Abilities, Weirdness & Mutations

You have an increased reservoir of magic. (+10% MP)
You tend to lose your temper in combat.
You passively map a small area around you.


Message History

Your kill strengthens your divinity.
You now have 76 gold pieces (gained 20).
i - 3 fuming black potions (gained 1)
Found a stone staircase leading up.
No target in view!
An ooze comes into view.
An ooze is nearby!
The ooze hits you.
You hit the ooze.
The ooze is moderately wounded.
The ooze hits you but does no damage.
You hit the ooze but do no damage.
The ooze is moderately wounded.
The ooze hits you but does no damage.
You hit the ooze.
The ooze is heavily wounded.
The ooze hits you but does no damage. x2
You hit the ooze.
The ooze is severely wounded.
The ooze closely misses you.
You hit the ooze.
You kill the ooze!
Your kill strengthens your divinity.
HP restored.
You see here a chain mail.
No target in view!
k - a cyan potion
Found a stone staircase leading down.
No target in view!
There is a stone staircase leading down here.
A scorpion comes into view.
You have encountered a dangerous foe!
Search for what [? for help]? ..
Okay, then.
You hit the scorpion.
The scorpion is lightly wounded.
The scorpion barely misses you.
You are feeling hungry.
You barely miss the scorpion.
The scorpion is lightly wounded.
The scorpion barely misses you.
The scorpion stings you but does no damage.
You hit the scorpion.
The scorpion is lightly wounded.
The scorpion stings you.
You are poisoned.
The scorpion poisons you!
You barely miss the scorpion.
The scorpion is lightly wounded.
You feel sick.
The scorpion stings you but does no damage.
You hit the scorpion.
The scorpion is heavily wounded.
You feel sick. The scorpion stings you!
You are more poisoned.
The scorpion poisons you!
You hit the scorpion.
The scorpion is almost dead.
You feel sick.
The scorpion stings you but does no damage.
The scorpion barely misses you.
Your plate armour prevents you from hitting the scorpion.
The scorpion is almost dead.
You feel sick.
The scorpion stings you but does no damage.
You closely miss the scorpion.
The scorpion is almost dead.
You feel sick. The scorpion stings you!
You are more poisoned.
The scorpion poisons you!
You hit the scorpion but do no damage.
The scorpion is almost dead.
* * * LOW HITPOINT WARNING * * *
You feel sick. The scorpion barely misses you.
It was a potion of mutation.
You feel extremely strange.
You feel a little pissed off.
You feel a strange attunement to the structure of the dungeons.
* * * LOW HITPOINT WARNING * * *
You feel sick. The scorpion stings you.
* * * LOW HITPOINT WARNING * * *
You are more poisoned.
The scorpion poisons you!
It was a potion of heal wounds.
You feel much better.
You feel sick. The scorpion stings you.
You closely miss the scorpion.
The scorpion is almost dead.
You feel very sick. The scorpion stings you!
You are more poisoned.
The scorpion poisons you! The scorpion stings you.
* * * LOW HITPOINT WARNING * * *
You hit the scorpion but do no damage.
The scorpion is almost dead.
* * * LOW HITPOINT WARNING * * *
You feel very sick.
The scorpion stings you but does no damage.
You hit the scorpion but do no damage.
The scorpion is almost dead.
You die...
Your divinity fades.

#.#....... , , #.#
.###......... , ...
*............. ** #..
,............. * *
#.# , #####.รท..... *
* #.# * ##.....# *
#.# ##...## #s# ##'##
#@# #<# * ##.# #.#
##>#.# ####.###
##.###.#######.......
#.## ##.......[.#...#
##.###.#######.....##
##.#.## #.#..###
##.## #.##.... ###
#.##.###


You could see a scorpion.

Vanquished Creatures
  2 oozes (D:2)
  A giant cockroach (D:1)
  2 goblins (D:1)
  3 hobgoblins (D:1)
  A ball python (D:2)
  2 frilled lizards
11 creatures vanquished.

Notes
Turn   | Place    | Note
-------+----------+-------------------------------------------
     0 | D:1      | Artagas the Demigod Monk began the quest for the Orb.
     0 | D:1      | Reached XP level 1. HP: 18/18 MP: 5/5
   483 | D:1      | Got a smoking pewter ring
   484 | D:1      | Identified the cursed ring of Jariusch {Ice *Drain Int+4
                  | SInv} (You found it on level 1 of the Dungeon)
   553 | D:1      | Reached skill level 3 in Fighting
   553 | D:1      | Reached skill level 3 in Maces & Flails
   553 | D:1      | Reached XP level 2. HP: 26/26 MP: 6/6
   753 | D:2      | Noticed a scorpion
   767 | D:2      | Gained mutation: You tend to lose your temper in combat.
                  | [potion of mutation]
   767 | D:2      | Gained mutation: You passively map a small area around you.
                  | [potion of mutation]
   770 | D:2      | HP: 2/26 [poisoned by a scorpion]
   771 | D:2      | Succumbed to a scorpion's poison

Skill      XL: |  1 |
---------------+----+-----
Fighting       | 3 |  3.1
Maces & Flails | 3 |  3.1
Dodging        | |  2.6
Stealth        | |  2.0
Invocations    | |  2.6

Action                   || total
-------------------------++-------
Melee: Mace              ||    42
  Use: Potion            ||     2
Armor: Plate armour      ||    23
Dodge: Dodged            ||    12

Levels and vault maps discovered:
D:1:      evilmike_arrival_crescent, layout_basic
D:2:      layout_loops_corners

Table legend:
 A = Turns spent in this place as a percentage of turns spent in the entire game.
 B = Non-inter-level travel turns spent in this place as a percentage of non-inter-level travel turns spent in the entire game.
 C = Inter-level travel turns spent in this place as a percentage of turns spent in this place.
 D = Turns resting spent in this place as a percentage of non-inter-level travel turns spent in this place.
 E = Turns spent auto-exploring this place as a percentage of non-inter-level travel turns spent in this place.
 F = Non-inter-level travel turns spent in this place divided by the number of levels of this place that you've seen.
                   A       B       C       D       E      F
               +-------+-------+-------+-------+-------+----------------------
         Total | 100.0 | 100.0 |   7.0 |   0.0 |  84.5 | 358.5
       Dungeon | 100.0 | 100.0 |   7.0 |   0.0 |  84.5 | 358.5
               +-------+-------+-------+-------+-------+----------------------

Table legend:
 A = Kills in this place as a percentage of kills in entire the game.
 B = Kills by you in this place as a percentage of kills by you in the entire game.
 C = Kills by friends in this place as a percentage of kills by friends in the entire game.
 D = Other kills in this place as a percentage of other kills in the entire game.
 E = Experience gained in this place as a percentage of experience gained in the entire game.
 F = Experience gained in this place divided by the number of levels of this place that you have seen.
                   A       B       C       D       E      F
               +-------+-------+-------+-------+-------+----------------------
         Total | 100.0 | 100.0 |   N/A |   N/A | 100.0 |  14.0
       Dungeon | 100.0 | 100.0 |   N/A |   N/A | 100.0 |  14.0
               +-------+-------+-------+-------+-------+----------------------
